PL
PANAMA CITY PIRANHAS @ D.C. DIVIDED
08/08/2026
 
TOP OF THE 1ST
Panama City Piranhas batting - Pitching for D.C. Divided : RHP Tony Solíz
Pitching: RHP Tony Solíz
Batting: RHB Juan Jose Ayala 0-0: Ball
1-0: SOLO HOME RUN (Flyball, 9D), Distance : 392 ft
Batting: LHB Herman Hayes 0-0: Ball
1-0: Fly out, F8 (Flyball, 8LS)
Batting: SHB Tsing Guao 0-0: Foul Ball, location: 2F
0-1: Foul Ball, location: 2F
0-2: Ball
1-2: Ball
2-2: Foul Ball, location: 2F
2-2: Ball
3-2: Ground out 4-3 (Groundball, 34)
Batting: RHB Fernando Silva 0-0: Called Strike
0-1: Ball
1-1: Ground out 5-3 (Groundball, 5)
Top of the 1st over - 1 run(s), 1 hit(s), 0 error(s), 0 left on base; Panama City 1 - D.C. 0
BOTTOM OF THE 1ST
D.C. Divided batting - Pitching for Panama City Piranhas : RHP Luis Flores
Pitching: RHP Luis Flores
Batting: RHB Arturo Rodríguez 0-0: Ball
1-0: Fly out, F9 (Flyball, 9LS)
Batting: RHB Tony Romero 0-0: Bunted foul
0-1: Ball
1-1: Called Strike
1-2: Fly out, F4 (Line Drive, 4MD)
Batting: LHB Mike Gardner 0-0: Swinging Strike
0-1: Foul Ball, location: 2F
0-2: Foul Ball, location: 2F
0-2: Strikes out swinging, 2-3 out at first.
Bottom of the 1st over - 0 run(s), 0 hit(s), 0 error(s), 0 left on base; Panama City 1 - D.C. 0
TOP OF THE 2ND
Panama City Piranhas batting - Pitching for D.C. Divided : RHP Tony Solíz
Batting: LHB Sergio Muńóz 0-0: Ball
1-0: Ball
2-0: Ground out 4-3 (Groundball, 4S)
Batting: RHB Armando Alvarado 0-0: Swinging Strike
0-1: Foul Ball, location: 2F
0-2: Ball
1-2: Ball
2-2: Ground out 5-3 (Groundball, 56)
Batting: RHB Baldomero Avino 0-0: Fly out, F7 (Line Drive, 7D)
Top of the 2nd over - 0 run(s), 0 hit(s), 0 error(s), 0 left on base; Panama City 1 - D.C. 0
BOTTOM OF THE 2ND
D.C. Divided batting - Pitching for Panama City Piranhas : RHP Luis Flores
Batting: LHB Charles Mathes 0-0: Ball
1-0: Called Strike
1-1: Foul Ball, location: 2F
1-2: Strikes out swinging
Batting: RHB Lúcio López 0-0: Fly out, F9 (Flyball, 9S)
Batting: RHB Mario Castillo 0-0: Swinging Strike
0-1: Swinging Strike
0-2: Ball
1-2: Ball
2-2: Foul Ball, location: 2F
2-2: Ball
3-2: Base on Balls
Batting: RHB Robert O'Connor 0-0: Ball
1-0: Ball
2-0: Called Strike
2-1: Ball
3-1: Called Strike
3-2: 2-RUN HOME RUN (Line Drive, 7D), Distance : 416 ft
Batting: RHB Wilbur Davis 0-0: Called Strike
0-1: Foul Ball, location: 2F
0-2: SINGLE (Line Drive, 56D)
Batting: RHB Cristo González 0-0: Ball
1-0: Ball
2-0: SINGLE (Groundball, 56D)
Wilbur Davis to second
Batting: RHB Arturo Rodríguez 0-0: Called Strike
0-1: Swinging Strike
0-2: Ground out 6-3 (Groundball, 6M)
Bottom of the 2nd over - 2 run(s), 3 hit(s), 0 error(s), 2 left on base; Panama City 1 - D.C. 2
TOP OF THE 3RD
Panama City Piranhas batting - Pitching for D.C. Divided : RHP Tony Solíz
Batting: SHB Marc Talamante 0-0: Foul Ball, location: 2F
0-1: Fly out, F6 (Line Drive, 6)
Batting: RHB Raúl Ortíz 0-0: Ball
1-0: Swinging Strike
1-1: Foul Ball, location: 2F
1-2: Ground out 5-3 (Groundball, 56S)
Batting: RHB Juan Jose Ayala 0-0: Ball
1-0: Fly out, F4 (Line Drive, 4)
Top of the 3rd over - 0 run(s), 0 hit(s), 0 error(s), 0 left on base; Panama City 1 - D.C. 2
BOTTOM OF THE 3RD
D.C. Divided batting - Pitching for Panama City Piranhas : RHP Luis Flores
Batting: RHB Tony Romero 0-0: Foul Ball, location: 2F
0-1: Ball
1-1: Ground out 4-3 (Groundball, 4)
Batting: LHB Mike Gardner 0-0: Called Strike
0-1: Called Strike
0-2: Ball
1-2: SINGLE (Line Drive, 9)
Batting: LHB Charles Mathes 0-0: Swinging Strike
0-1: Ball
1-1: Swinging Strike
1-2: Foul Ball, location: 2F
1-2: Ground out 5-3 (Groundball, 56S)
Mike Gardner to second
Batting: RHB Lúcio López 0-0: Foul Ball, location: 2F
0-1: Swinging Strike
0-2: 2-RUN HOME RUN (Flyball, 8LXD), Distance : 452 ft
Batting: RHB Mario Castillo 0-0: Called Strike
0-1: Ball
1-1: Swinging Strike
1-2: Ball
2-2: Strikes out looking
Bottom of the 3rd over - 2 run(s), 2 hit(s), 0 error(s), 0 left on base; Panama City 1 - D.C. 4
TOP OF THE 4TH
Panama City Piranhas batting - Pitching for D.C. Divided : RHP Tony Solíz
Batting: LHB Herman Hayes 0-0: Swinging Strike
0-1: Swinging Strike
0-2: Foul Ball, location: 2F
0-2: Ball
1-2: Strikes out swinging
Batting: SHB Tsing Guao 0-0: Called Strike
0-1: Ball
1-1: SINGLE (Groundball, 4D)
Batting: RHB Fernando Silva 0-0: Ball
1-0: Called Strike
1-1: Ball
2-1: Foul Ball, location: 2F
2-2: Foul Ball, location: 2F
2-2: Ball
3-2: SINGLE (Groundball, 4MD)
Tsing Guao to second
Batting: LHB Sergio Muńóz 0-0: Ball
1-0: SINGLE (Line Drive, 89M)
Tsing Guao to third
Fernando Silva to second
Runner from 3rd tries for Home, SAFE, throw made home
Batting: RHB Armando Alvarado 0-0: Called Strike
0-1: SINGLE (Groundball, 34S) (infield hit)
Fernando Silva to third
Sergio Muńóz to second
Batting: RHB Baldomero Avino 0-0: Ball
1-0: Called Strike
1-1: Ball
2-1: Grounds into double play, 5-4-3 (Groundball, 56)
Top of the 4th over - 1 run(s), 4 hit(s), 0 error(s), 2 left on base; Panama City 2 - D.C. 4
BOTTOM OF THE 4TH
D.C. Divided batting - Pitching for Panama City Piranhas : RHP Luis Flores
Batting: RHB Robert O'Connor 0-0: Ball
1-0: Swinging Strike
1-1: Ball
2-1: Ball
3-1: Foul Ball, location: 2F
3-2: Ground out 5-3 (Groundball, 56S)
Batting: RHB Wilbur Davis 0-0: Foul Ball, location: 2F
0-1: DOUBLE (Line Drive, 78XD)
Batting: RHB Cristo González 0-0: Fly out, F9 (Flyball, 9)
Batting: RHB Arturo Rodríguez 0-0: Called Strike
0-1: Foul Ball, location: 2F
0-2: Foul Ball, location: 2F
0-2: Ball
1-2: Fly out, F6 (Line Drive, 6)
Bottom of the 4th over - 0 run(s), 1 hit(s), 0 error(s), 1 left on base; Panama City 2 - D.C. 4
TOP OF THE 5TH
Panama City Piranhas batting - Pitching for D.C. Divided : RHP Tony Solíz
Batting: SHB Marc Talamante 0-0: Ball
1-0: Swinging Strike
1-1: Foul Ball, location: 2F
1-2: Foul Ball, location: 2F
1-2: Fly out, F7 (Flyball, 7)
Batting: RHB Raúl Ortíz 0-0: Ball
1-0: Ball
2-0: Ball
3-0: Called Strike
3-1: Called Strike
3-2: Ground out 4-3 (Groundball, 34D)
Batting: RHB Juan Jose Ayala 0-0: Ball
1-0: Swinging Strike
1-1: Ball
2-1: Foul Ball, location: 2F
2-2: Foul Ball, location: 2F
2-2: SINGLE (Groundball, 4MD)
Batting: LHB Herman Hayes 0-0: Called Strike
0-1: Ball
1-1: Foul Ball, location: 2F
1-2: Strikes out swinging
Top of the 5th over - 0 run(s), 1 hit(s), 0 error(s), 1 left on base; Panama City 2 - D.C. 4
BOTTOM OF THE 5TH
D.C. Divided batting - Pitching for Panama City Piranhas : RHP Luis Flores
Batting: RHB Tony Romero 0-0: Called Strike
0-1: Ball
1-1: Bunted foul
1-2: Ball
2-2: Ground out 5-3 (Groundball, 5S)
Batting: LHB Mike Gardner 0-0: Foul Ball, location: 2F
0-1: Fly out, F6 (Line Drive, 6)
Batting: LHB Charles Mathes 0-0: Fly out, F9 (Flyball, 89D)
Bottom of the 5th over - 0 run(s), 0 hit(s), 0 error(s), 0 left on base; Panama City 2 - D.C. 4
TOP OF THE 6TH
Panama City Piranhas batting - Pitching for D.C. Divided : RHP Tony Solíz
Batting: SHB Tsing Guao 0-0: SINGLE (Line Drive, 3D)
Batting: RHB Fernando Silva 0-0: Called Strike
0-1: Ball
1-1: Foul Ball, location: 2F
1-2: SINGLE (Groundball, 4MD)
Tsing Guao to second
Runner from 2nd tries for 3rd, SAFE, no throw
Batting: LHB Sergio Muńóz 0-0: Ball
1-0: Ball
2-0: Ball
3-0: Base on Balls
Fernando Silva to second
Batting: RHB Armando Alvarado 0-0: Called Strike
0-1: Ball
1-1: DOUBLE (Line Drive, 8RXD)
Tsing Guao scores
Fernando Silva scores
Sergio Muńóz to third
Batting: RHB Baldomero Avino 0-0: Ball
1-0: Ball
2-0: Called Strike
2-1: Foul Ball, location: 2F
2-2: Foul Ball, location: 2F
2-2: SINGLE (Groundball, 4MD)
Sergio Muńóz scores
Armando Alvarado to third
Batting: SHB Marc Talamante 0-0: Ball
1-0: Foul Ball, location: 2F
1-1: Foul Ball, location: 2F
1-2: SINGLE (Groundball, 6D)
Armando Alvarado scores
Baldomero Avino to second
Pitching: RHP Denver Milne
Batting: RHB Raúl Ortíz 0-0: Ball
1-0: Swinging Strike
1-1: Foul Ball, location: 2F
1-2: Strikes out looking
Batting: RHB Juan Jose Ayala 0-0: Ball
1-0: Ball
2-0: Ball
3-0: Called Strike
3-1: Base on Balls
Baldomero Avino to third
Marc Talamante to second
Batting: LHB Herman Hayes 0-0: Called Strike
0-1: Foul Ball, location: 2F
0-2: Ball
1-2: Ball
2-2: Foul Ball, location: 2F
2-2: Ball
3-2: Foul Ball, location: 2F
3-2: SINGLE (Line Drive, 34)
Baldomero Avino scores
Marc Talamante to third
Juan Jose Ayala to second
Batting: SHB Tsing Guao 0-0: Swinging Strike
0-1: Ball
1-1: Called Strike
1-2: Strikes out swinging
Batting: RHB Fernando Silva 0-0: Ball
1-0: Called Strike
1-1: Foul Ball, location: 2F
1-2: Ball
2-2: DOUBLE (Flyball, 9LM)
Marc Talamante scores
Juan Jose Ayala scores
Herman Hayes to third
Runner from 3rd tries for Home, SAFE, no throw
Batting: LHB Sergio Muńóz 0-0: Ball
1-0: Ball
2-0: SINGLE (Groundball, 25) (infield hit)
Fernando Silva to third
Batting: RHB Armando Alvarado 0-0: Foul Ball, location: 2F
0-1: Called Strike
0-2: Ball
1-2: Ball
2-2: Ball
3-2: Base on Balls
Sergio Muńóz to second
Batting: RHB Baldomero Avino 0-0: Called Strike
0-1: Hit by Pitch
Fernando Silva scores
Sergio Muńóz to third
Armando Alvarado to second
Batting: SHB Marc Talamante 0-0: Fly out, F9 (Flyball, 9LSF)
Top of the 6th over - 9 run(s), 8 hit(s), 0 error(s), 3 left on base; Panama City 11 - D.C. 4
BOTTOM OF THE 6TH
D.C. Divided batting - Pitching for Panama City Piranhas : RHP Luis Flores
Batting: RHB Lúcio López 0-0: Swinging Strike
0-1: Foul Ball, location: 2F
0-2: Ball
1-2: DOUBLE (Flyball, 78M)
Batting: RHB Mario Castillo 0-0: Swinging Strike
0-1: Foul Ball, location: 2F
0-2: Ball
1-2: Strikes out swinging
Batting: RHB Robert O'Connor 0-0: Ball
1-0: Ball
2-0: DOUBLE (Flyball, 7D)
Lúcio López scores
Batting: RHB Wilbur Davis 0-0: Called Strike
0-1: Foul Ball, location: 2F
0-2: Foul Ball, location: 2F
0-2: Ground out 6-3 (Groundball, 6)
Batting: RHB Cristo González 0-0: Ball
1-0: Fly out, F9 (Flyball, 9LS)
Bottom of the 6th over - 1 run(s), 2 hit(s), 0 error(s), 1 left on base; Panama City 11 - D.C. 5
TOP OF THE 7TH
Panama City Piranhas batting - Pitching for D.C. Divided : RHP Denver Milne
Batting: RHB Raúl Ortíz 0-0: Foul Ball, location: 2F
0-1: Foul Ball, location: 2F
0-2: Foul Ball, location: 2F
0-2: Ball
1-2: Ball
2-2: SINGLE (Groundball, 4MD)
Batting: RHB Juan Jose Ayala 0-0: Ball
1-0: SINGLE (Line Drive, 34)
Raúl Ortíz to second
Runner from 2nd tries for 3rd, SAFE, throw made to third
Juan Jose Ayala to second
Batting: LHB Herman Hayes 0-0: Called Strike
0-1: Foul Ball, location: 2F
0-2: Ball
1-2: Ball
2-2: Strikes out swinging
Pitching: RHP Lawrence Bignold
Batting: SHB Tsing Guao 0-0: Foul Ball, location: 2F
0-1: Ball
1-1: Called Strike
1-2: Foul Ball, location: 2F
1-2: Foul Ball, location: 2F
1-2: Ball
2-2: Ball
3-2: Fly out, F9 (Flyball, 9)
Batting: RHB Fernando Silva 0-0: Ball
1-0: Fly out, F6 (Line Drive, 6)
Top of the 7th over - 0 run(s), 2 hit(s), 0 error(s), 2 left on base; Panama City 11 - D.C. 5
BOTTOM OF THE 7TH
D.C. Divided batting - Pitching for Panama City Piranhas : RHP Luis Flores
Batting: RHB Arturo Rodríguez 0-0: Called Strike
0-1: Ball
1-1: Foul Ball, location: 2F
1-2: Ball
2-2: Foul Ball, location: 2F
2-2: Fly out, F9 (Flyball, 9LS)
Pitching: RHP Francisco Barrios
Batting: RHB Tony Romero 0-0: Ball
1-0: Ground out 4-3 (Groundball, 34)
Batting: LHB Mike Gardner 0-0: Ball
1-0: Ground out 6-3 (Groundball, 56)
Bottom of the 7th over - 0 run(s), 0 hit(s), 0 error(s), 0 left on base; Panama City 11 - D.C. 5
TOP OF THE 8TH
Panama City Piranhas batting - Pitching for D.C. Divided : RHP Lawrence Bignold
Batting: LHB Sergio Muńóz 0-0: SINGLE (Groundball, 34D)
Batting: RHB Armando Alvarado 0-0: Called Strike
0-1: Ball
1-1: Foul Ball, location: 2F
1-2: Strikes out swinging
Batting: RHB Baldomero Avino 0-0: Called Strike
0-1: Ball
1-1: Called Strike
1-2: Ball
2-2: Grounds into double play, 6-4-3 (Groundball, 6)
Top of the 8th over - 0 run(s), 1 hit(s), 0 error(s), 0 left on base; Panama City 11 - D.C. 5
BOTTOM OF THE 8TH
D.C. Divided batting - Pitching for Panama City Piranhas : RHP Francisco Barrios
Batting: LHB Charles Mathes 0-0: Ball
1-0: Ball
2-0: Ball
3-0: Called Strike
3-1: Fly out, F8 (Flyball, 8LD)
Batting: RHB Lúcio López 0-0: Called Strike
0-1: Ball
1-1: Ground out 3-1 (Groundball, 34)
Batting: RHB Mario Castillo 0-0: Swinging Strike
0-1: Called Strike
0-2: SINGLE (Groundball, 6MD)
Batting: RHB Robert O'Connor 0-0: Called Strike
0-1: Fielders Choice at 2nd, 6-4 (Groundball, 6)
Bottom of the 8th over - 0 run(s), 1 hit(s), 0 error(s), 0 left on base; Panama City 11 - D.C. 5
TOP OF THE 9TH
Panama City Piranhas batting - Pitching for D.C. Divided : RHP Lawrence Bignold
Batting: SHB Marc Talamante 0-0: Foul Ball, location: 2F
0-1: Swinging Strike
0-2: Foul Ball, location: 2F
0-2: Foul Ball, location: 2F
0-2: Ball
1-2: Ball
2-2: Ground out 3-1 (Groundball, 34)
Batting: RHB Raúl Ortíz 0-0: Foul Ball, location: 2F
0-1: Swinging Strike
0-2: Foul Ball, location: 2F
0-2: Strikes out swinging
Batting: RHB Juan Jose Ayala 0-0: Foul Ball, location: 2F
0-1: Ball
1-1: Ball
2-1: Ball
3-1: Ground out 5-3 (Groundball, 56S)
Top of the 9th over - 0 run(s), 0 hit(s), 0 error(s), 0 left on base; Panama City 11 - D.C. 5
BOTTOM OF THE 9TH
D.C. Divided batting - Pitching for Panama City Piranhas : RHP Francisco Barrios
Batting: RHB Wilbur Davis 0-0: Ball
1-0: Foul Ball, location: 2F
1-1: Ball
2-1: Ball
3-1: Foul Ball, location: 2F
3-2: Foul Ball, location: 2F
3-2: Strikes out swinging
Batting: RHB Cristo González 0-0: Called Strike
0-1: Ball
1-1: Swinging Strike
1-2: Strikes out swinging, 2-3 out at first.
Batting: RHB Arturo Rodríguez 0-0: Ground out 5-3 (Groundball, 56)
Bottom of the 9th over - 0 run(s), 0 hit(s), 0 error(s), 0 left on base; Panama City 11 - D.C. 5
Monday, March 20th, 2017 - OOTP Baseball 17.12 Build 75